 Dungeon Crawl Stone Soup version 0.20.1-1-g8b1a95d (webtiles) character file.

367 Monsterracer the Conjurer (level 6, -1/36 HPs)
             Began as an Octopode Wizard on Aug 8, 2017.
             Shot with an arrow by a centaur (11 damage)
             ... on level 4 of the Dungeon.
             The game lasted 00:08:55 (4888 turns).

Monsterracer the Conjurer (Octopode Wizard)         Turns: 4888, Time: 00:08:56

Health: -1/36      AC:  1    Str:  6    XL:     6   Next: 69%
Magic:  11/11      EV: 13    Int: 23    God:
Gold:   178        SH:  0    Dex: 10    Spells: 3/12 levels left

rFire    . . .     SeeInvis .   b - +2 short sword (elec)
rCold    . . .     Gourm    .   (no shield)
rNeg     . . .     Faith    .   a - +0 hat
rPois    .         Spirit   .   (no amulet)
rElec    .         Reflect  .   h - ring of resist corrosion
rCorr    +         Harm     .   (no ring)
MR       .....                  (no ring)
Stlth    +++.......             (no ring)
Regen    0.2/turn               (no ring)
MPRegen  0.2/turn               (no ring)
                                (no ring)
                                (no ring)

@: no status effects
A: almost no armour, stealthy swim, amphibious, 8 rings, constrict 8, camouflage
1, gelatinous body 1
a: no special abilities


You were on level 4 of the Dungeon.
You were not hungry.

You visited 1 branch of the dungeon, and saw 4 of its levels.

You collected 178 gold pieces.

Inventory:

Hand Weapons
 b - a +2 short sword of electrocution (weapon)
Armour
 a - a +0 hat (worn)
 p - a +0 shield
Jewellery
 h - a ring of resist corrosion (left tentacle)
Scrolls
 f - a scroll of amnesia {unknown}
 g - 3 scrolls of magic mapping
 i - a scroll of fog {unknown}
 j - 2 scrolls of remove curse
 m - a scroll of noise {unknown}
 r - a scroll of enchant weapon
 t - 2 scrolls of immolation
 u - a scroll of recharging {unknown}
Potions
 d - a potion of heal wounds {unknown}
 k - 2 potions of mutation
 n - 2 potions of brilliance
 q - 2 potions of curing
 v - a potion of degeneration {unknown}
Books
 e - a book of Minor Magic

   Spells                             Type                      Level
   a - Magic Dart                     Conjuration                  1
   b - Blink                          Translocation                2
   c - Call Imp                       Summoning                    2
   d - Slow                           Hexes                        2
   e - Conjure Flame                  Conjuration/Fire             3
   f - Mephitic Cloud                 Conjuration/Poison/Air       3
Comestibles
 c - 2 bread rations
 l - 4 meat rations
 s - a royal jelly


   Skills:
 - Level 2.0 Dodging
 - Level 2.6 Stealth
 + Level 3.7 Spellcasting
 * Level 6.1 Conjurations
   Level 1.0 Summonings
 - Level 1.0 Translocations


You had 3 spell levels left.
You knew the following spells:

 Your Spells              Type           Power        Failure   Level  Hunger
a - Magic Dart            Conj           ####         1%          1    None
b - Conjure Flame         Conj/Fire      ###.....     9%          3    ###....
c - Mephitic Cloud        Conj/Pois/Air  ##......     14%         3    ###....
e - Blink                 Tloc           N/A          11%         2    #......


Dungeon Overview and Level Annotations

Branches:
Dungeon (4/15)
 Temple: D:4-7

Altars:
Cheibriados
Fedhas
Hepliaklqana
Kikubaaqudgha
The Shining One


Innate Abilities, Weirdness & Mutations

You cannot wear most types of armour.
You are very stealthy in the water. (Stealth+)
You are amphibious.
You can wear up to eight rings at the same time.
You can use your tentacles to constrict eight enemies at once.
Your skin changes colour to match your surroundings (Stealth+).
Your rubbery body absorbs attacks. (AC +1, EV +1)


Message History

You see here an arrow.
Damage: -16%(-6hp) hp: 84%(30hp)
The centaur shoots an arrow.
The arrow hits you!
* * * LOW HITPOINT WARNING * * *
You see here an arrow.
Huge Dmg: -34%(-12hp) hp: 50%(18hp)
What are your orders? t - Shout!
Orders for allies: a - Attack new target. r - Retreat! s - Stop attacking. g - Guard the area. f - Follow me.
Anything else - Cancel.
Okay, then.
The centaur shoots an arrow.
The arrow hits you!
* * * LOW HITPOINT WARNING * * *
You see here 2 arrows.
Huge Dmg: -25%(-9hp) hp: 25%(9hp)
The centaur shoots an arrow.
The arrow closely misses you.
The centaur shoots an arrow.
The arrow hits you!
You die...

..............*
#############**
...........# ...........#
...........# ##..<##....#
##########*
#######....######.........*
,..........#..(.#.........*
,...............@(...#....*
,...............#.(.......*
,....##...##....#..PPP.P..*
,....*######....##.PcP.P##*
,...,,,,,,,#....+#.PP_P,**
,..,,,,,,,,#....#..PPPP,,*
*******,,,,#....#...P,,,,*
,,,,,,*,,,,+....#....,,,,*
,,,,,,*,,,**,,,,##...*,,,*


You could see a centaur.

Vanquished Creatures
  A bullfrog (D:3)
  A hound (D:4)
  An orc wizard (D:4)
  A killer bee zombie (D:3)
  8 gnolls (D:3)
  4 adders
  2 worms
  5 dart slugs
  3 leopard geckos
  9 orcs
  2 ball pythons (D:3)
  4 bats
  5 giant cockroaches
  11 goblins
  7 hobgoblins
  3 jackals (D:1)
  2 quokkas (D:3)
  3 frilled lizards
  8 kobolds
  A quokka skeleton (D:4)
  5 rats
86 creatures vanquished.

Notes
Turn   | Place    | Note
-------+----------+-------------------------------------------
     0 | D:1      | Monsterracer the Octopode Wizard began the quest for the Orb.
     0 | D:1      | Reached XP level 1. HP: 11/11 MP: 4/4
   252 | D:1      | Reached skill level 2 in Conjurations
   252 | D:1      | Reached XP level 2. HP: 14/17 MP: 0/6
   725 | D:1      | Learned a level 2 spell: Blink
   891 | D:1      | Reached XP level 3. HP: 20/21 MP: 7/7
   931 | D:1      | Reached skill level 3 in Conjurations
  1195 | D:1      | Learned a level 3 spell: Mephitic Cloud
  2134 | D:2      | Found an ancient bone altar of Kikubaaqudgha.
  2137 | D:2      | Reached XP level 4. HP: 27/27 MP: 5/8
  2142 | D:2      | Learned a level 3 spell: Conjure Flame
  2439 | D:3      | HP: 9/27 [killer bee zombie (6)]
  2447 | D:2      | HP: 7/27 [poisoned by an adder]
  2671 | D:3      | HP: 13/27 [hobgoblin/club (4)]
  2675 | D:2      | Reached skill level 4 in Conjurations
  3037 | D:3      | Reached XP level 5. HP: 26/31 MP: 3/9
  3043 | D:3      | HP: 15/31 [poisoned by an adder]
  3044 | D:3      | Reached skill level 5 in Conjurations
  3050 | D:3      | HP: 14/31 [poisoned by an adder]
  3688 | D:3      | Found a hazy altar of Hepliaklqana.
  3934 | D:3      | Reached XP level 6. HP: 33/36 MP: 7/11
  4484 | D:4      | Reached skill level 6 in Conjurations
  4487 | D:4      | Found a snail-covered altar of Cheibriados.
  4509 | D:4      | Found a glowing golden altar of the Shining One.
  4521 | D:4      | HP: 16/36 [orc/dagger (4)]
  4526 | D:4      | HP: 14/36 [orc/dagger (3)]
  4530 | D:4      | HP: 6/36 [orc/dagger (4)]
  4883 | D:4      | Found a blossoming altar of Fedhas.
  4886 | D:4      | HP: 18/36 [centaur/arrow (12)]
  4888 | D:4      | Shot with an arrow by a centaur

Skill      XL: |  1  2  3  4  5  6 |
---------------+-------------------+-----
Conjurations   | 2 3 4 5 6 |  6.1
Dodging        | |  2.0
Stealth        | |  2.6
Spellcasting   | |  3.7
Summonings     | |  1.0
Translocations | |  1.0

Action                   |  1- 3 |  4- 6 || total
-------------------------+-------+-------++-------
Melee: Short sword       |    20 |    31 ||    51
       Constrict         |     6 |    10 ||    16
       Tentacles         |       |     5 ||     5
 Cast: Magic Dart        |    75 |   114 ||   189
       Mephitic Cloud    |     1 |     2 ||     3
       Conjure Flame     |       |     3 ||     3
  Use: Scroll            |       |     7 ||     7
 Stab: Sleeping          |       |     1 ||     1
  Eat: Chunk             |     3 |     9 ||    12
Armor: Skin              |       |     1 ||     1
Dodge: Dodged            |    20 |    30 ||    50
